 Dungeon Crawl Stone Soup version 0.20.0-14-g326068f (webtiles) character file.

10054 Lavandula the Basher (level 11, -1/64 HPs)
             Began as a Gargoyle Monk on June 8, 2017.
             Was a Believer of Ru.
             Hit by a stone thrown by a minotaur (27 damage)
             ... in a labyrinth.
             The game lasted 00:39:33 (13334 turns).

Lavandula the Basher (Gargoyle Monk)               Turns: 13334, Time: 00:39:33

Health: -1/64      AC: 15    Str: 19    XL:     11   Next: 56%
Magic:  15/15      EV: 12    Int: 15    God:    Ru [**....]
Gold:   459        SH:  0    Dex: 20    Spells: 4/10 levels left

rFire    . . .     SeeInvis .   Q - +11 halberd of Gloom {vamp, *Rage rF+ Str+4 Dex+2}
rCold    + . .     Gourm    .   (shield currently unavailable)
rNeg     + . .     Faith    +   J - +0 ring mail
rPois    ∞         Spirit   .   I - +1 helmet
rElec    +         Reflect  .   (no cloak)
rCorr    .         Harm     .   M - +0 pair of gloves "Peusk" {Int+4} (curse)
MR       +....     Rnd*Rage +   (no boots)
Stlth    +++.......             s - amulet of faith
Regen    0.2/turn               V - ring of protection from magic
MPRegen  0.2/turn               y - ring of Camaeluk {Ice rElec rPois Dex+3 Stlth+}

@: no potions, horrified
A: negative energy resistance 1, electricity resistance, wild magic 1,
unbreathing, petrification resistance, rot immunity, inability to drink while
threatened, cowardly, AC +7
a: Renounce Religion


You were in a labyrinth.
You worshipped Ru.
Ru was pleased with you.
You were not hungry.

You visited 3 branches of the dungeon, and saw 13 of its levels.
You also visited: Labyrinth and Ossuary.

You collected 459 gold pieces.

Inventory:

Hand Weapons
 a - a +0 mace
 G - a +1 whip of freezing
 P - a +2 whip of pain
 Q - the +11 halberd of Gloom (weapon) {vamp, *Rage rF+ Str+4 Dex+2}
   (You found it on level 9 of the Dungeon)

   It inflicts no extra harm, but heals its wielder when it wounds a living foe.
   It affects your strength (+4).
   It affects your dexterity (+2).
   It protects you from fire.
   It may make you go berserk in combat.
Missiles
 b - 5 tomahawks (quivered)
Armour
 e - a +2 buckler
 n - a +0 leather armour
 I - a +1 helmet (worn)
 J - a +0 ring mail (worn)
 M - the cursed +0 pair of gloves "Peusk" (worn) {Int+4}
   (You found it on level 8 of the Dungeon)

   It affects your intelligence (+4).
   It has a curse placed upon it.
Jewellery
 d - an uncursed amulet of harm {unknown}
 s - an amulet of faith (around neck)
 w - an uncursed ring of protection from fire
 y - the ring of Camaeluk (right hand) {Ice rElec rPois Dex+3 Stlth+}
   (You found it on level 4 of the Dungeon)

   [ring of ice]

   It enhances your ice magic.
   It affects your dexterity (+3).
   It makes you vulnerable to fire.
   It protects you from cold.
   It insulates you from electricity.
   It protects you from poison.
   It makes you more stealthy.
 K - an uncursed ring of see invisible
 S - an uncursed ring of positive energy
 U - an uncursed ring of wizardry
 V - a ring of protection from magic (left hand)
 Y - an uncursed amulet of regeneration {unknown}
Wands
 f - a wand of confusion (12/48)
 v - a wand of acid (0/15)
 W - a wand of digging (0/24)
 X - a wand of flame (23/48)
Scrolls
 j - 4 scrolls of fear
 l - 3 scrolls of teleportation
 o - a scroll of magic mapping
 D - a scroll of immolation
 E - a scroll of blinking
 H - 3 scrolls of amnesia {unknown}
 O - a scroll of summoning {unknown}
Potions
 h - a potion of might {unknown}
 m - 3 potions of resistance
 t - 3 potions of berserk rage {unknown}
 u - 2 potions of magic
 z - 2 potions of ambrosia
 C - 3 potions of haste
Miscellaneous
 k - a box of beasts
Comestibles
 c - 6 bread rations
 r - 7 fruits


   Skills:
 - Level 5.4 Fighting
 - Level 12.8 Maces & Flails
 + Level 8.5 Polearms
 - Level 2.4 Dodging
 - Level 2.1 Stealth
 - Level 3.0 Shields
 - Level 1.8 Conjurations
 - Level 5.8 Evocations


You had 4 spell levels left.
You knew the following spells:

 Your Spells              Type           Power        Failure   Level  Hunger
a - Sandblast             Erth           #.....       52%         1    ##.....
b - Stone Arrow           Conj/Erth      #.....       77%         3    ####...
c - Passwall              Tmut/Erth      #.........   65%         2    ###....


Dungeon Overview and Level Annotations

Branches:
Dungeon (11/15)            Temple (1/1) D:7            Lair (1/6) D:8
    Orc: D:9-12

Altars:
Ashenzari
Cheibriados
Elyvilon
Fedhas
Gozag
Hepliaklqana
Nemelex Xobeh
Okawaru
Qazlal
Ru
Uskayaw
The Shining One
Jiyva

Annotations:
D:5 exclusion: door
D:9 Joseph
D:10 Gastronok
D:11 sadgrasan's ghost, journeyman FoFi


Innate Abilities, Weirdness & Mutations

You are resistant to torment.
Your stone body is resilient. (AC +7)
You are immune to poison.
You resist negative energy. (rN+)
You are resistant to electric shocks. (rElec)
You can survive without breathing.
You are immune to petrification.
You are immune to rotting.
You cannot drink potions while threatened.
Your cowardice makes you less effective in combat with threatening monsters.
Your spells are a little harder to cast, but a little more powerful.


Message History

The minotaur resists with almost no effort.
Evoking this partially-identified wand wasted a few charges.
The minotaur throws a stone.
The stone hits you!
The minotaur throws a stone.
The stone barely misses you.
You see here a stone.
Evoke which item? (* to show all) (? for menu, Esc to quit)
Aiming: Confuse (will waste charges)
Press: ? - help, Shift-Dir - straight line, f/p - minotaur
Aim: a minotaur, wielding a steaming long sword {drain}, wearing a shiny chain mail, wearing an ichor-stained buckler and wearing an iron ring (chance to defeat MR: 28%)
The minotaur resists with almost no effort.
Evoking this partially-identified wand wasted a few charges.
Your skill with magical items lets you calculate the power of this device...
This wand has 12 charges left.
The minotaur throws a stone.
The stone hits you!!
You feel threatened and lose the ability to drink potions!
You can drink potions again.
You feel a twist of horror at the sight of this foe.
The minotaur throws a stone.
The stone hits you!!
You feel threatened and lose the ability to drink potions!
You die...

#.###.###.#
# .# ..#
#######
.###
#.H...#.#..
#.###(#.#.
# #.# (#.#
# #.# #.#
#..# #.#
#H# # #@#
..#.# .#
#.# ###.#..
# #.......
.##.#.#
#########
.. . ... #
.. # # .
.#.#. # # #
.. . .# .#


You could see a minotaur.

Vanquished Creatures
  2 two-headed ogres
  Nergalle (D:9)
  A skeletal warrior (D:11)
  Pikel (D:6)
  A troll (D:7)
  Grinder (D:6)
  A meliai zombie (D:10)
  2 hippogriffs
  A spriggan (D:7)
  4 yaks (D:10)
  A basilisk (Lab)
  6 hungry ghosts
  Menkaure (Ossuary)
  6 orc warriors
  A sky beast (D:5)
  A slave (D:6)
  2 ice beasts
  An eye of draining (D:9)
  2 phantoms
  5 ogres
  2 crocodiles
  A big kobold (D:9)
  3 bullfrogs
  An elf zombie (D:5)
  A wyvern zombie (D:8)
  An elf skeleton (D:5)
  A scorpion (D:8)
  A wight (D:9)
  5 killer bees
  3 howler monkeys
  3 crimson imps
  2 centaur zombies
  8 jellies
  A quasit (D:8)
  A bullfrog skeleton (D:9)
  A centaur skeleton (D:9)
  11 hounds
  4 orc priests
  Jessica (D:2)
  2 human skeletons (D:5)
  Terence (D:2)
  17 orc wizards
  3 iguanas
  7 worker ants
  A killer bee zombie (D:9)
  3 hound skeletons
  2 mummies (Ossuary)
  3 howler monkey zombies
  2 worker ant zombies
  9 adders
  A shadow imp (D:9)
  An ooze (D:6)
  2 adder zombies
  2 adder skeletons (D:2)
  A dart slug (D:1)
  A leopard gecko (D:7)
  35 orcs
  A bat skeleton (D:2)
  6 giant cockroaches
  7 goblins
  7 hobgoblins
  2 jackals (D:4)
  A quokka (D:8)
  2 ball pythons (D:4)
  6 bats
  4 frilled lizards
  5 gnoll skeletons (Ossuary)
  4 gnoll zombies (Ossuary)
  A goblin skeleton (Ossuary)
  A goblin zombie (Ossuary)
  2 hobgoblin zombies (Ossuary)
  A jackal zombie (D:6)
  7 kobolds
  2 kobold zombies (Ossuary)
  An orc zombie (Ossuary)
  5 rats
  5 rat skeletons (Ossuary)
  2 rat zombies (Ossuary)
257 creatures vanquished.

Vanquished Creatures (others)
  2 slaves (D:6)
  A crimson imp (D:6)
  A mummy (Ossuary)
  2 gnoll zombies (Ossuary)
  4 goblin zombies (Ossuary)
  2 hobgoblin skeletons (Ossuary)
  2 hobgoblin zombies (Ossuary)
  5 kobold skeletons (Ossuary)
  2 kobold zombies (Ossuary)
  3 orc skeletons (Ossuary)
  4 rat skeletons (Ossuary)
  3 rat zombies (Ossuary)
31 creatures vanquished.

Grand Total: 288 creatures vanquished

Notes
Turn   | Place    | Note
-------+----------+-------------------------------------------
     0 | D:1      | Lavandula the Gargoyle Monk began the quest for the Orb.
     0 | D:1      | Reached XP level 1. HP: 14/14 MP: 1/1
   286 | D:1      | Reached XP level 2. HP: 19/19 MP: 2/2
   497 | D:1      | Reached skill level 4 in Maces & Flails
   590 | D:1      | Reached XP level 3. HP: 23/23 MP: 3/3
   727 | D:2      | Noticed Terence
   740 | D:2      | Killed Terence
   817 | D:2      | Reached XP level 4. HP: 22/28 MP: 4/4
   893 | D:2      | Noticed Jessica
   894 | D:2      | Reached skill level 1 in Shields
   904 | D:2      | Killed Jessica
  1480 | D:3      | Reached XP level 5. HP: 32/32 MP: 5/5
  1694 | D:3      | Found an iron altar of Okawaru.
  1696 | D:3      | Found a hide-covered altar of Uskayaw.
  2268 | D:4      | Reached skill level 5 in Maces & Flails
  2316 | D:4      | Got a vibrating lapis lazuli ring
  2397 | D:4      | Found a sparkling altar of Nemelex Xobeh.
  2397 | D:4      | Found an opulent altar of Gozag.
  2904 | D:5      | Entered Level 5 of the Dungeon
  2922 | D:5      | Noticed a sky beast
  2934 | D:5      | Reached XP level 6. HP: 34/37 MP: 6/6
  2996 | D:5      | Killed a sky beast
  2996 | D:5      | Reached skill level 6 in Maces & Flails
  2999 | D:5      | Gained mutation: Your spells are a little harder to cast, but a little more powerful. [mutagenic meat]
  3000 | D:5      | Gained mutation: You are robust. (+10% HP) [mutagenic meat]
  3001 | D:5      | Lost mutation: You are robust. (+10% HP) [mutagenic meat]
  3200 | D:5      | Found a sand-covered staircase.
  3302 | Ossuary  | Entered an ossuary
  3909 | Ossuary  | Noticed Menkaure
  3913 | Ossuary  | Identified the ring of Camaeluk {Ice rElec rPois Dex+3 Stlth+} (You found it on level 4 of the Dungeon)
  3939 | Ossuary  | Killed Menkaure
  3939 | Ossuary  | Reached XP level 7. HP: 25/43 MP: 7/7
  4191 | D:5      | Reached skill level 7 in Maces & Flails
  4408 | D:5      | Reached skill level 8 in Maces & Flails
  4530 | D:5      | Found a white marble altar of Elyvilon.
  4788 | D:5      | Reached XP level 8. HP: 43/48 MP: 8/8
  5195 | D:7      | Reached skill level 1 in Evocations
  5447 | D:6      | Noticed Pikel
  5509 | D:6      | Killed Pikel
  5509 | D:6      | Reached skill level 5 in Evocations
  6040 | D:6      | Reached XP level 9. HP: 47/52 MP: 13/13
  6124 | D:6      | Found an opulent altar of Gozag.
  6199 | D:6      | Reached skill level 9 in Maces & Flails
  6451 | D:6      | Noticed Grinder
  6593 | D:7      | Learned a level 1 spell: Sandblast
  6597 | D:7      | Learned a level 3 spell: Stone Arrow
  6600 | D:7      | Learned a level 2 spell: Passwall
  6731 | D:7      | Found a staircase to the Ecumenical Temple.
  6843 | D:7      | Got a smoking turquoise ring
  6902 | Temple   | Entered the Ecumenical Temple
  6916 | Temple   | Became a worshipper of Ru the Awakened
  6926 | Temple   | Gained mutation: Your cowardice makes you less effective in combat with threatening monsters. [Ru sacrifice]
  6926 | Temple   | Reached * piety under Ru
  7030 | D:7      | Reached skill level 10 in Maces & Flails
  7046 | D:7      | Identified the ring "Digh" {rPois Stlth-} (You found it on level 7 of the Dungeon)
  7639 | D:8      | Got a pair of jewelled gloves
  7645 | D:8      | Identified the cursed +0 pair of gloves "Peusk" {Int+4} (You found it on level 8 of the Dungeon)
  7682 | D:8      | Found a glowing golden altar of the Shining One.
  7850 | D:8      | Reached skill level 11 in Maces & Flails
  7874 | D:8      | Found a staircase to the Lair.
  8012 | D:8      | Found a hazy altar of Hepliaklqana.
  8157 | D:8      | Reached XP level 10. HP: 53/56 MP: 14/14
  8747 | D:9      | Reached skill level 12 in Maces & Flails
  9028 | D:9      | Noticed a two-headed ogre
  9047 | D:9      | Killed a two-headed ogre
  9236 | D:9      | Noticed Joseph
  9246 | D:9      | Noticed a seven-headed hydra
  9302 | D:10     | Entered Level 10 of the Dungeon
  9321 | D:10     | Noticed Nergalle
  9420 | D:9      | Reached skill level 5 in Fighting
  9609 | D:9      | Got a crude halberd
  9616 | D:9      | Identified the +11 halberd of Gloom {vamp, *Rage rF+ Str+4 Dex+2} (You found it on level 9 of the Dungeon)
  9620 | D:9      | Found a viscous altar of Jiyva.
  9626 | D:9      | Reached skill level 1 in Polearms
 10138 | D:9      | Gained mutation: You cannot drink potions while threatened. [Ru sacrifice]
 10138 | D:9      | Reached ** piety under Ru
 10290 | D:10     | Noticed a two-headed ogre
 10810 | D:10     | Noticed a two-headed ogre
 10820 | D:10     | Killed a two-headed ogre
 10917 | D:9      | Killed Nergalle
 10917 | D:9      | Reached skill level 5 in Polearms
 10917 | D:9      | Reached XP level 11. HP: 58/64 MP: 15/15
 11038 | D:10     | Noticed Gastronok
 11646 | D:11     | Noticed a skeletal warrior
 11647 | D:11     | Noticed a skeletal warrior
 11667 | D:11     | Killed a skeletal warrior
 11734 | D:11     | Noticed sadgrasan's ghost (journeyman FoFi)
 12090 | D:7      | Reached skill level 1 in Conjurations
 12368 | D:6      | Killed Grinder
 12714 | Lair:1   | Entered Level 1 of the Lair of Beasts
 12714 | Lair:1   | Found a labyrinth entrance.
 12736 | Lab      | Entered a labyrinth
 13324 | Lab      | Noticed a minotaur
 13334 | Lab      | Hit by a stone thrown by a minotaur

Skill      XL: |  1  2  3  4  5  6  7  8  9 10 11 |
---------------+----------------------------------+-----
Maces & Flails | 4 5 6 8 11 12 | 12.8
Shields        | 2 3 |  3.0
Fighting       | 4 5 |  5.4
Evocations     | 5 |  5.8
Polearms       | 5 8 |  8.5
Conjurations   | 1 |  1.8
Dodging        | |  2.4
Stealth        | |  2.1

Action                   |  1- 3 |  4- 6 |  7- 9 | 10-12 || total
-------------------------+-------+-------+-------+-------++-------
Melee: Mace              |    70 |   310 |   261 |       ||   641
       Whip              |       |       |   387 |   258 ||   645
       Halberd           |       |       |       |   218 ||   218
Throw: Tomahawk          |       |       |     8 |     3 ||    11
Invok: Sacrifice Courage |       |       |     1 |       ||     1
       Sacrifice Drink   |       |       |       |     1 ||     1
Evoke: Wand              |       |     2 |     1 |     4 ||     7
  Use: Scroll            |       |       |    15 |     1 ||    16
       Potion            |       |       |     6 |       ||     6
 Stab: Sleeping          |     7 |     5 |     7 |    13 ||    32
  Eat: Chunk             |       |     9 |    11 |     8 ||    28
       Meat ration       |       |     1 |     1 |     1 ||     3
       Royal jelly       |       |       |     1 |       ||     1
       Bread ration      |       |       |       |     4 ||     4
       Fruit             |       |       |       |     2 ||     2
Armor: Robe              |    11 |       |       |       ||    11
       Leather armour    |     1 |    95 |   105 |       ||   201
       Ring mail         |       |       |    54 |   131 ||   185
Dodge: Dodged            |    43 |   124 |   189 |   138 ||   494
Block: Buckler           |       |    51 |   137 |    48 ||   236
